 Dungeon Crawl Stone Soup version 0.31-a0-816-gd61d57ddb1 (webtiles) character file.

Game seed: 6192572891555519311

6 Nedwor the Trooper (level 2, 19/19 HPs)
             Began as a Kobold Fighter on Sept 22, 2023.
             Quit the game on level 1 of the Dungeon.
             The game lasted 00:01:10 (292 turns).

Nedwor the Trooper (Kobold Fighter)                  Turns: 292, Time: 00:01:11

Health: 19/19      AC:  6    Str: 13    XL:     2   Next: 0%
Magic:  2/2        EV: 10    Int:  9    God:
Gold:   0          SH:  4    Dex: 14    Spells: 1/1 levels left

rFire   . . .        a - +0 rapier
rCold   . . .        c - +0 buckler
rNeg    . . .        b - +0 scale mail
rPois   .            (no helmet)
rElec   .            (no cloak)
rCorr   .            (no gloves)
SInv    .            (no boots)
Will    .....        (no amulet)
Stlth   +            (no ring)
HPRegen 0.23/turn    (no ring)
MPRegen 0.08/turn

%: no passive effects
@: no status effects
A: small, no large weapons, nightstalker 3
a: no special abilities


You were on level 1 of the Dungeon.
You visited 1 branch of the dungeon, and saw 1 of its levels.

Inventory:

Hand Weapons
 a - a +0 rapier (weapon)
Armour
 b - a +0 scale mail (worn)
 c - a +0 buckler (worn)
Potions
 d - a potion of might


   Skills:
 + Level 3.3 Fighting
 * Level 3.0 Short Blades
 + Level 2.4 Armour
 + Level 0.4 Dodging
 + Level 2.4 Shields


You had one spell level left.
You didn't know any spells.
Your spell library was empty.

Dungeon Overview and Level Annotations

Branches:
Dungeon (1/15)

Altars:


Innate Abilities, Weirdness & Mutations

You are small and have problems with some larger weapons.
You are completely attuned to the shadows.


Message History

You hit the endoplasm.
The endoplasm is heavily wounded.
The endoplasm freezes you.
You are frozen.
Unknown command.
You hit the endoplasm.
You kill the endoplasm!
Unknown command.
No target in view!
Unknown command.
No target in view!
HP restored.
Found 5 stones.
You see here 5 stones.
A bat comes into view.
You closely miss the bat. The bat misses you.
You hit the bat.
You kill the bat!
Your Short Blades skill increases to level 3!
No target in view!
No target in view!
No target in view!
You open the door.
There is an open door here.
You open the door.
Found a stone staircase leading down.
There is an open door here.
A kobold comes into view. It is wielding a +0 short sword.
A kobold is nearby!
A kobold is nearby!
A kobold is nearby!
A kobold is nearby!
A kobold is nearby!
A kobold is nearby!
The kobold shouts!
The kobold hits you but does no damage.
You puncture the kobold!
You kill the kobold!
You have reached level 2!
Are you sure you want to abandon this character and quit the game? (Confirm with "yes".)

#.####### #.# #...
#.......# #.# ####
#######.# #.# ##
##.###.# #.#####.
####...##.###.......
+...................
#....###########..
#.#.## #.... #@###
#.##. #)# #.##. #.#
#.##. #.# #.##. #.#
#.### #(# #.# #.#
#.#


There were no monsters in sight!

Vanquished Creatures
  2 bats (D:1)
  An endoplasm (D:1)
  2 kobolds (D:1)
5 creatures vanquished.

Notes
Turn   | Place    | Note
-------+----------+-------------------------------------------
     0 | D:1      | Nedwor the Kobold Fighter began the quest for the Orb.
     0 | D:1      | Reached XP level 1. HP: 14/14 MP: 1/1
   292 | D:1      | Reached XP level 2. HP: 19/19 MP: 2/2
   292 | D:1      | Quit the game

Illustrated notes

Levels and vault maps discovered:
D:1:      dpeg_arrival_chambers_temple_mockup, layout_loops_corners

Skill      XL: |  1 |
---------------+----+-----
Short Blades   | 3 |  3.0
Fighting       | |  3.3
Armour         | |  2.4
Dodging        | |  0.4
Shields        | |  2.4

Action                     || total
---------------------------++-------
  Melee: Rapier            ||    12
 Armour: Scale mail        ||     7
  Dodge: Dodged            ||     6
  Block: Buckler           ||     1

Table legend: (Time is in decaauts)
 A = Elapsed time spent in this place.
 B = Non-inter-level travel time spent in this place.
 C = Inter-level travel time spent in this place.
 D = Time resting spent in this place.
 E = Time spent auto-exploring this place.
 F = Levels seen in this place.
 G = Mean time per level.
                   A        B        C        D        E       F      G
               +--------+--------+--------+--------+--------+-----+--------+
         Total |    293 |    293 |      0 |      0 |    264 |   1 |  293.0 |
       Dungeon |    293 |    293 |      0 |      0 |    264 |   1 |  293.0 |
               +--------+--------+--------+--------+--------+-----+--------+

Top non-repeatable levels by time:
     D:1: 293 daAuts
